Cogmind - Beta 15 @@@ ROGUE MODE // 2025.06.25 @ 13:15:26 Player: EX-OCT Result: Destroyed self with Grenade Launcher Performance ------------- Evolutions (0) 0 Regions Visited (2) 400 Robots Destroyed (29) 145 Value Destroyed (592) 592 Prototype IDs (0) 0 Alien Tech Used (0) 0 Bonus (0) 0 TOTAL SCORE: 1137 Bonus ------- None Cogmind --------- Core Integrity 0/250 Matter 280/300 Energy 242/265 System Corruption 0% Temperature Cool (0) Movement Treading (240) Ox1 Location -10/Mines Parts ------- > --- POWER (1) -------- Reinforced Ion Engine > --- PROPULSION (2) --- Light Treads > --- UTILITY (2) ------ Improved Heat Sink Medium Storage Unit > --- WEAPON (2) ------- Particle Cannon Grenade Launcher > --- INVENTORY (10) --- Reinforced Ion Engine Aluminum Leg Aluminum Leg Aluminum Leg Aluminum Leg Authchip [R/Combat] Particle Cannon Assault Rifle Datajack Flail Peak State ------------ > --- POWER ------------ Reinforced Ion Engine > --- PROPULSION ------- Light Treads Aluminum Leg > --- UTILITY ---------- Improved Heat Sink Authchip [Device] > --- WEAPON ----------- Particle Cannon Particle Cannon > --- INVENTORY -------- Reinforced Ion Engine Assault Rifle Grenade Launcher Datajack Flail [Rating: 15] Favorites ----------- Power Reinforced Ion Engine Engine Reinforced Ion Engine Propulsion Light Treads Treads Light Treads Leg Aluminum Leg Utility Improved Heat Sink Device Improved Heat Sink Storage Medium Storage Unit Processor Improved Targeting Computer Hackware Authchip [Device] Weapon Particle Cannon Energy Gun Medium Laser Energy Cannon Particle Cannon Ballistic Gun Assault Rifle Launcher Grenade Launcher Build | -11 -10 -10 ------- Run | Yrd Mat Min Slots Evolved . | . . . Power . | . . . Propulsion . | . . . Utility . | . . . Weapon . | . . . Parts Attached 18 | 6 11 1 Power 3 | 1 2 . Engine 3 | 1 2 . Core . | . . . Reactor . | . . . Propulsion 4 | 2 2 . Treads 3 | 2 1 . Leg 1 | . 1 . Wheel . | . . . Hover . | . . . Flight . | . . . Utility 6 | 1 5 . Device 3 | 1 2 . Storage 1 | . 1 . Processor 1 | . 1 . Hackware 1 | . 1 . Protection . | . . . Artifact . | . . . Weapon 5 | 2 2 1 Energy Gun 1 | 1 . . Energy Cannon 2 | . 2 . Ballistic Gun 1 | 1 . . Ballistic Cannon . | . . . Launcher 1 | . . 1 Special Weapon . | . . . Impact Weapon . | . . . Slashing Weapon . | . . . Piercing Weapon . | . . . Special Melee Weapon . | . . . Unidentified Prototypes . | . . . Parts Lost 3 | . 2 1 Power . | . . . Propulsion 2 | . 1 1 Utility 1 | . 1 . Weapon . | . . . Highest Loss Streak 2 | . 2 1 To Critical Strikes . | . . . Average Backups 5 | . 5 9 Power 1 | . 1 1 Propulsion . | . . 3 Utility . | . . 1 Weapon 2 | . 2 3 Tool/Special . | . . . Unused Backups 8 | . 1 7 Power 2 | . 1 1 Propulsion 3 | . . 3 Utility 1 | . . 1 Weapon 1 | . . 1 Tool/Special 1 | . . 1 Average Slot Usage (%) 95 | . 94 99 Engine 14 | . 14 14 Treads 25 | . 25 27 Leg 2 | . 2 . Device 14 | . 14 14 Storage 5 | . 4 14 Processor 4 | . 5 . Energy Gun 1 | . 2 . Energy Cannon 24 | . 23 27 Ballistic Gun 1 | . 2 . Peak Build Rating 15 | 6 15 13 Average Rating 10 | 4 10 12 On Entrance 6 | . 6 13 Naked Turns . | . . . Heaviest Build 29 | 10 29 29 Greatest Support 40 | 40 40 40 Greatest Overweight (x) 1 | . 1 . Average Overweight (x) . | . . . Largest Inventory Capacity 10 | 5 10 10 Average Capacity 6 | 5 6 10 Most Carried 10 | 1 8 10 Average Carried 5 | . 5 9 Final Capacity 10 | 5 10 10 Final Carried 10 | 1 8 10 Class Distribution -------------------- 100% | Mutant Dominant Class ---------------- Mutant | -10/Materials Mutant | -10/Mines Resources | -11 -10 -10 ----------- Run | Yrd Mat Min Matter Collected 441 | 264 177 . Remotely . | . . . Salvage Created 789 | 114 484 191 Parts 46 | 9 28 9 Haulers Intercepted 1 | . 1 . Recyclers Shooed 2 | . 2 . Parts Field Recycled . | . . . Retrieved Matter . | . . . Parts Self-Destructed . | . . . Prevented . | . . . Kills | -11 -10 -10 ------- Run | Yrd Mat Min Combat Hostiles Destroyed 21 | . 14 7 Guns 1 | . 1 . Cannons 19 | . 13 6 AOE 1 | . . 1 Classes Destroyed 8 | 2 5 1 Worker 1 | . . 1 Tunneler 3 | 2 1 . Hauler 1 | . 1 . Recycler 1 | 1 . . Mechanic 1 | . 1 . Operator 1 | . 1 . Swarmer 10 | . 6 4 Grunt 11 | . 8 3 Best Kill Streak 4 | 3 3 4 Combat Bots Only 3 | . 3 3 Max Kills in Single Turn 2 | 1 2 1 Gunslinging . | . . . Exploded 1 | . . 1 Melee . | . . . Uniques/NPCs Destroyed . | . . . Combat | -11 -10 -10 -------- Run | Yrd Mat Min Hostile Shots Fired 115 | . 85 30 Missed 26 | . 21 5 Hits 89 | . 64 25 Projectile 89 | . 64 25 Critical Strikes 1 | . 1 . Damage Taken 903 | . 629 274 Core 263 | . 144 119 Absorbed by Shields . | . . . Core Remaining (%) 100 | 100 . . Volleys Fired 62 | 7 38 17 Largest 2 | 2 2 2 Hottest 136 | 70 136 136 Shots Fired 124 | 14 76 34 Gun 22 | 14 8 . Cannon 101 | . 68 33 Launcher 1 | . . 1 Special . | . . . Kinetic 11 | 7 4 . Thermal 112 | 7 72 33 Explosive 1 | . . 1 Electromagnetic . | . . . Robot Hit Streak 12 | 5 11 12 Robot Miss Streak 4 | 4 3 2 Penetration Max . | . . . Secondary Targets . | . . . Shots Hit Robots 75 | 8 46 21 Core Hits 34 | 4 21 9 Critical Kills . | . . . Critical Parts Destroyed . | . . . Critical Strikes 1 | 1 . . Burn 1 | 1 . . Melee Attacks . | . . . Impact . | . . . Slashing . | . . . Piercing . | . . . Sneak Attacks . | . . . Combat Hostiles . | . . . Follow-up Attacks . | . . . Damage Inflicted 1692 | 113 941 638 Guns 189 | 113 76 . Cannons 1318 | . 840 478 Explosions 153 | . . 153 Melee . | . . . Ramming 32 | . 25 7 Kinetic 112 | 62 50 . Thermal 1395 | 51 866 478 Explosive 153 | . . 153 Electromagnetic . | . . . Impact . | . . . Slashing . | . . . Piercing . | . . . Highest Corruption . | . . . Average Corruption . | . . . Corruption Purged . | . . . Corruption Blocked . | . . . Overload Shots . | . . . Overflow Damage 19 | . 3 16 Projectiles 14 | . 3 11 Explosions 5 | . . 5 Melee . | . . . Knockbacks 1 | . 1 . Impact 1 | . 1 . Kinetic . | . . . Secondary . | . . . Self-Inflicted Damage 39 | . . 39 Shots 1 | . . 1 Rammed 8 | . 7 1 Targets Rammed 9 | . 7 2 Kicked . | . . . Crushed 1 | . . 1 Highest Temperature 339 | 45 339 264 Average Temperature 102 | 19 118 81 Received Heat Transfer 267 | . 183 84 Effects 1 | . 1 . Matter Decay 1 | . 1 . Siege Activations . | . . . Martial Activations . | . . . Shielding Activations . | . . . Robots Disrupted . | . . . Combat Hostiles . | . . . Robots Corrupted . | . . . Combat Hostiles . | . . . Parts Fried . | . . . Impact Corruptions . | . . . Robots Melted . | . . . Combat Hostiles . | . . . Parts Melted 5 | . 3 2 Heat Transferred 2627 | 222 1591 814 Parts Sabotaged . | . . . Parts Stolen . | . . . Parts Stripped . | . . . Power Chain Reactions . | . . . Alert | -11 -10 -10 ------- Run | Yrd Mat Min Maximum Alert Level . | . . . Low Security (%) 100 | 100 100 100 Level 1 . | . . . Level 2 . | . . . Level 3 . | . . . Level 4 . | . . . Level 5 . | . . . High Security . | . . . Max Security . | . . . Peak Influence 186 | 10 186 146 Initial 31 | . . 31 Average 76 | . 81 78 Influence Increases 704 | 15 481 208 Destroy 0b10 Robot/C 420 | . 280 140 Destroy 0b10 Robot/NC 40 | 15 20 5 Destroy Leader 102 | . 72 30 Successful Hack 17 | . 17 . Select Force Hacks 60 | . 60 . Disable Machine 30 | . 30 . Destroy Structure 5 | . 2 3 Lose Combat Pursuer 30 | . . 30 Influence Decreases 555 | 15 401 139 Entered New Map 49 | . . 49 Time Decay 476 | 15 381 80 Lost Part 30 | . 20 10 Squads Dispatched 4 | . 4 . Investigation 3 | . 3 . Extermination . | . . . Reinforcement 1 | . 1 . Assault . | . . . Garrison . | . . . Intercept . | . . . Searches Triggered . | . . . Construction Impeded . | . . . Haulers Reinforced . | . . . Active Scanning Responses . | . . . Cargo Convoy Interrupts . | . . . Stealth | -11 -10 -10 --------- Run | Yrd Mat Min Distress Signals 1 | . 1 . Communications Jammed . | . . . Distress Signals . | . . . Times Spotted 36 | . 26 10 Peak Tracking Total 5 | . 5 3 Tactical Retreats 2 | . . 2 Traps | -11 -10 -10 ------- Run | Yrd Mat Min Traps Triggered 1 | . 1 . Indirectly . | . . . Trap Hack Attempts . | . . . Triggered . | . . . Disarmed . | . . . Reprogrammed . | . . . Reused . | . . . Traps Extracted . | . . . Installed . | . . . Triggered . | . . . Machines | -11 -10 -10 ---------- Run | Yrd Mat Min Machines Disabled 2 | . 2 . Max in Single Turn 1 | . 1 . Machines Repaired . | . . . Machines Dismantled . | . . . Machines Sabotaged . | . . . Overloaded Fab Kills . | . . . Hacking | -11 -10 -10 --------- Run | Yrd Mat Min Machines Accessed 9 | . 9 . Terminals 7 | . 7 . Fabricators . | . . . Repair Stations . | . . . Recycling Units 2 | . 2 . Scanalyzers . | . . . Garrison Access . | . . . Total Hacks 21 | . 21 . Successful 12 | . 12 . Failed 9 | . 9 . Catastrophic . | . . . Database Lockouts . | . . . Manual 23 | . 23 . Terminals 19 | . 19 . Fabricators . | . . . Repair Stations . | . . . Recycling Units 2 | . 2 . Scanalyzers . | . . . Garrison Access . | . . . Terminal Hacks 2 | . 2 . Robot Analysis 2 | . 2 . Fabricator Hacks . | . . . Repair Station Hacks . | . . . Recycling Unit Hacks . | . . . Scanalyzer . | . . . Garrison Access Hacks . | . . . Unauthorized Hacks 9 | . 9 . Terminals 7 | . 7 . Botnet 2 | . 2 . Skim 5 | . 5 . Fabricators . | . . . Repair Stations . | . . . Recycling Units 2 | . 2 . Tunnel 2 | . 2 . Scanalyzers . | . . . Garrison Access . | . . . Data Cores Recovered . | . . . Used . | . . . Hacking Detections 7 | . 7 . Full Trace Events . | . . . Feedback Events . | . . . Feedback Blocked . | . . . Robot Schematics Acquired . | . . . Robots Built . | . . . Authchips . | . . . Time . | . . . Total Robot Build Rating . | . . . Part Schematics Acquired . | . . . Parts Built . | . . . Authchips . | . . . Time . | . . . Total Part Build Rating . | . . . Parts Repaired . | . . . Time . | . . . Parts Recycled . | . . . Recycled Matter . | . . . Retrieved Matter . | . . . Retrieved Components . | . . . Parts Scanalyzed . | . . . Part Schematics Acquired . | . . . Parts Damaged . | . . . Bothacking | -11 -10 -10 ------------ Run | Yrd Mat Min Used RIF Installer . | . . . Robots Hacked . | . . . Non-combat . | . . . Combat . | . . . Robot Hacks Applied . | . . . Relay Couplers Released . | . . . Fabnet Peak Effective % . | . . . Robots Rewired . | . . . Allies Hacked . | . . . Hacks Repelled . | . . . Allies | -11 -10 -10 -------- Run | Yrd Mat Min Total Allies . | . . . Largest Group . | . . . Highest-Rated Group . | . . . Highest-Rated Ally . | . . . Total Orders . | . . . Ally Attacks . | . . . Total Damage . | . . . Kills . | . . . Allies Corrupted . | . . . Allies Melted . | . . . Intel | -11 -10 -10 ------- Run | Yrd Mat Min Active Infowar (turns) 462 | 9 453 . Seismic 462 | 9 453 . Robot Analysis Total 2 | . 2 . Derelict Logs Recovered 2 | . . 2 Drone Launches . | . . . Drone Recoveries . | . . . Exploration | -11 -10 -10 ------------- Run | Yrd Mat Min Turns Passed 1520 | 91 1258 171 Spaces Moved 783 | 41 673 69 Core 4 | 4 . . Treads 779 | 37 673 69 Legs . | . . . Wheels . | . . . Hover . | . . . Flight . | . . . Fastest Speed 50 | 50 160 160 Average Speed 160 | 149 161 160 Slowest Speed 240 | 160 240 160 Overloaded Moves . | . . . Propulsion Burnouts . | . . . Robots Hopped . | . . . Potential Cave-ins . | . . . Cave-ins Triggered . | . . . Exploration Rate (%) 39 | 4 90 24 Regions Visited 2 Branch Regions 1 Pre-discovered Areas 2 | . 2 . Known Exits Taken . | . . . Unknown Exits Taken 2 | 1 1 . Scrap Searched . | . . . Spaces Dug . | . . . Terrain Destroyed 3 | . . 3 Melee . | . . . Projectile . | . . . AOE 3 | . . 3 Terrain Rammed . | . . . Walls Destroyed . | . . . Machines Disabled . | . . . Actions | -11 -10 -10 --------- Run | Yrd Mat Min Total 916 | 54 766 96 Wait 24 | . 19 5 Move 781 | 40 672 69 Hop . | . . . Pick Up 11 | 1 8 2 Fast Attach 14 | 6 8 . Attach 1 | . 1 . Detach 2 | . 2 . Swap 4 | . 3 1 Drop 8 | . 8 . Fire 62 | 7 38 17 Melee . | . . . Ram . | . . . Kick . | . . . Crush 9 | . 7 2 Escape Stasis . | . . . Rewire . | . . . Trap . | . . . Miscellaneous . | . . . Route ------- -11/Scrapyard -10/Materials (discovered 5 exits: *Mat x3 / [*Min] / Sub) -10/Mines (discovered 3 exits: Mat / Exi / Sub) History --------- Turn | Location | Event 2 | -11/Scrapyard | Met Revision 17 8 | -11/Scrapyard | Discovered new exit (range 15) 92 | -11/Scrapyard | Entered Materials 200 | -10/Materials | Discovered new exit (range 16) 301 | -10/Materials | Build established: Mutant 674 | -10/Materials | Discovered new exit (range 9) 744 | -10/Materials | Core integrity fell below 50% 930 | -10/Materials | Learned location of 2 exits from Mines 994 | -10/Materials | Identified exit to Materials 1047 | -10/Materials | Identified exit to Subcaves 1047 | -10/Materials | Learned location of 1 exit from Materials 1090 | -10/Materials | Learned 4 Subcaves zone layouts 1122 | -10/Materials | Learned 2 Mines zone layouts 1166 | -10/Materials | Learned 4 Subcaves zone layouts 1221 | -10/Materials | Loaded intel: 1 repair station location 1350 | -10/Materials | Entered Mines 1352 | -10/Mines | Identified exit to Exiles 1436 | -10/Mines | Learned Materials stockpile data 1486 | -10/Mines | Core integrity fell below 20% 1521 | -10/Mines | Destroyed self with Grenade Launcher Last Messages --------------- 01441_ Destroyed Lgt. Ion Engine. 01444_ Flight Unit melted. 01444_ S-10 Pest destroyed. 01445_ R-06 Scavenger collects Lgt. Ion Engine. 01450_ R-06 Scavenger collects Flight Unit. 01450_ Slammed into R-06 Scavenger. 01466_ T-07 Excavator is excavating. 01479_ Crushed K-01 Serf. 01479_ K-01 Serf destroyed. 01494_ Imp. Heat Sink melted. 01494_ G-47 Trooper destroyed. 01505_ S-10 Pest destroyed. 01508_ R-06 Scavenger collects Aluminum Leg. 01513_ K-01 Serf collects debris. 01513_ R-06 Scavenger collects Particle Gun. 01517_ K-01 Serf collects debris. 01518_ Lgt. Treads destroyed. 01521_ Destroyed Lgt. Ion Engine. 01521_ S-10 Pest destroyed. 01521_ Destroyed Lgt. Ion Engine. Map ----- +----------------------------------------------------+ | ?????????????????????#????????????????# ???? | | ?????????????????????##???????????????# ## ???? | | ????????????????????? ##??????????????# ### ???? | | ????????????????????? #??????????????# #?## ???? | | ????????????????????? #??????????????# #??###???? | | ????????????????????? ##?????######### ######???? | | ????????????????????? ####??# #???? | | ???>????????????????? ##?# ???? | | ????????????????????? ### ######### ???? | | ????????????????????? #???????# ???? | | ????????????????????? ### #???????# ???? | | ?????????????????????## #?# #???????## #???? | | ??????????????????????## ### ###??????####???? | | ???????????????????????## ### ##????????????? | | ???>????????????????????# ##?# ##???????????? | | ?????####???????????????# #??# #???????????? | | ?????# #??????????????# #### #??????##???? | | ?????? #?????????????# ## ##????### ???? | | ???????# #????????????# #????## ???? | | ???????# ##??????????#### ## #????# ???? | | ????????# #####?????????# ### ##????# ???? | | ????????### #?????????# #?####?????# ???? | | ??????????## ## #?????????# #??????????# ???? | | ???????????# ### #??????#### #??????????# ???? | | ???????????###?# #??##### #??????????## ???? | | ?????""" ####### #### @%s #???????????## ???? | | ?????""" %[ r% % s #????????????# ???? | | ?????""" ## #########%#########????????????## ???? | | ????????????????????# #?????????????????????##???? | | ????????????????????# #??????????????????????????? | | ????????????????????# #??????????????????????????? | | ????????????????????# #??????????????????????????? | | ????????????????????# #?????####?????????????????? | | ????????????????????# #????## ##?####???????????? | | ????????????????????# #????# ### ##??????????? | | ????????????????????# ###?## #??????????? | | ???????????????????## ### #??????????? | | ???????????????????# #??????????? | | ???????????????????# ## ##??????????? | | ??????????????????## #### ####???????????? | | ?????????????????## #??### #??####????????? | | ?????????????????# ##???# #?## ##???#???? | | ????????????????## #???# #?# #???#???? | | ????????????????# #???# #?# ##??#???? | | ???????????? ??## ###### ### ??????????? | | ???????? ## # ??????????? | | ??????? ???????????? | | ?????????# #####??????????????? | | ????????# #??????????????????? | | ???????? ## ##?????????????????< | +----------------------------------------------------+ Best States ------------- Heat Dissipation 39 Energy Generation 12 Energy Capacity 265 Matter Stores 300 Matter Capacity 300 Sight Range 16 Terrain Scan Density 10 Evasion (%) 40 Targeting Accuracy 6 Recoil Reduction 2 Authchip Count 1 Item Schematics ----------------- None Robot Schematics ------------------ None Fabricated ------------ Nothing Repaired ---------- Nothing Alien Tech Used ----------------- None Achievements -------------- None Challenges ------------ None Game ------ Seed DiametricWeaponsScrapsphere Manual? 0 Play Time 00:13:18 Cumulative 275.7 hours Start 2025.06.25 @ 12:58:16 End 2025.06.25 @ 13:15:26 Sessions 1 Manual Loads 0 Difficulty Rogue Special Mode None Game No. 138 Rogue 138 Adventurer 0 Explorer 0 Win Type - Total 17 Types 6/0/5/1/4/1/0/0/0/0 Lore% 83 Gallery% 72 Achievement% 68 Wizard Run 0 Options --------- Layout 1 ASCII 0 Keyboard 0 Movement Numpad Keybinds 0 Fullscreen 1 Font 24/Smallcaps Map View 50x35 Zoom Use 0% Tactical HUD 1 Map Filters NONE Filters NONE Steam 1 RUN: fc6f8c8d-ac4c-4a3a-9ce7-ec2884395ab9